Map: Scythe of Amon

Players

wasp

  • Race: Protoss Protoss

larsgj

  • Race: Terran Terran

VOD

Have the link to the VOD?

Description

Time

  • Played on: Feb. 18, 2019, 6:50 a.m.
  • Length: 29:41
Show
View Real Time Build Order
Export as new Build Order

wasp Protoss 

Build Orders:  

Get SALT Encoding   

    1:12  Probe x12 (Chrono Boost)  
    1:27  Unknown x2  
  12  1:43  Pylon  
  12  2:10  Gateway  
  12  2:33  Pylon  
  12  3:09  Gateway  
  12  3:18  Zealot  
  14  3:44  Assimilator  
  14  3:53  Zealot  
  16  4:29  Forge  
  16  4:46  Zealot x3  
  16  4:47  Zealot  
  24  5:37  Zealot x2  
  28  5:42  Zealot  
  28  5:44  Zealot  
  32  6:13  Zealot x2  
  36  6:54  Pylon  
  36  7:29  Photon Cannon  
  36  7:36  Photon Cannon  
  36  7:44  Photon Cannon  
  36  7:50  Photon Cannon  
  36  8:01  Photon Cannon  
  36  8:17  Zealot x2  
  40  8:55  Cybernetics Core  
  40  9:01  Pylon  
  36  11:14  Dragoon  
  36  11:15  Dragoon x2  
  36  11:16  Dragoon x2  
  36  11:17  Dragoon  
  48  12:39  Dragoon x3  
  54  12:40  Dragoon  
  54  13:48  Zealot  
  28  14:52  Dragoon  
  28  14:53  Dragoon x3  
  36  15:00  Zealot  
  36  15:01  Zealot  
  40  15:24  Gateway  
  40  15:35  Gateway  
  36  16:42  Dragoon  
  36  16:43  Dragoon x2  
  36  16:44  Dragoon  
  44  16:51  Zealot  
  44  16:52  Zealot x2  
  44  16:58  Zealot  
  52  17:12  Zealot  
  54  17:49  Zealot x2  
  58  18:12  Protoss Ground Armor Level 1  
  58  18:39  Assimilator  
  58  20:09  Dragoon x3  
  64  20:10  Dragoon  
  66  20:21  Dragoon  
  68  20:52  Protoss Ground Weapons Level 1  
  68  21:32  Dragoon x3  
  32  24:52  Dragoon  
  32  24:53  Dragoon x3  
  32  24:54  Dragoon x2  
  32  24:55  Dragoon x3  
  48  25:36  Dragoon x2  
  52  26:06  Dragoon  
  54  26:20  Dragoon  
Show
View Real Time Build Order
Export as new Build Order

larsgj Terran 

Build Orders:  

Get SALT Encoding   

    0:52  Orbital Command  
    1:10  SCV x12  
    1:27  Unknown  
  12  1:31  SCV  
  13  1:55  Supply Depot  
  13  2:02  SCV  
  14  2:15  Supply Depot  
  14  2:19  SCV  
  15  2:36  Barracks  
  15  2:39  SCV  
  16  2:56  SCV  
  17  3:13  Barracks, SCV  
  17  3:14  Marine  
  19  3:24  Marine  
  22  3:30  SCV  
  20  3:33  Engineering Bay  
  21  3:42  Marine  
  21  3:46  SCV  
  21  3:48  Marine  
  23  3:53  Marine  
  25  4:03  SCV  
  26  4:14  Barracks  
  26  4:20  SCV  
  26  4:25  Supply Depot  
  27  4:37  SCV  
  28  4:42  Refinery  
  28  4:47  Refinery  
  28  4:50  Marine  
  28  4:52  Marine  
  28  4:54  Marine  
  31  5:03  SCV  
  32  5:11  Supply Depot  
  32  5:21  SCV, Supply Depot  
  33  5:33  Marine  
  33  5:34  Marine  
  33  5:36  Marine  
  36  5:49  Supply Depot  
  36  5:59  Marine x2  
  36  6:01  Marine  
  36  6:09  Marine  
  39  6:12  Marine  
  39  6:19  Marine  
  42  6:21  Barracks Tech Lab  
  42  6:33  Terran Infantry Weapons Level 1  
  36  7:27  Unknown  
  34  7:32  Marine x2  
  35  7:43  Medic  
  35  7:48  Barracks Tech Lab  
  35  7:50  Barracks Tech Lab  
  35  7:53  Medic  
  35  8:03  Medic  
  36  8:19  Stabilizer Medpacks  
  36  8:20  Marine x2  
  36  8:22  Marine  
  36  8:30  Medic x2  
  36  8:32  Marine  
  41  8:40  Marine x2  
  41  8:42  Marine  
  44  8:50  Marine x2  
  44  8:51  Orbital Command  
  44  8:52  Marine  
  47  9:00  Marine  
  47  9:01  Marine  
  47  9:03  Marine  
  50  9:13  Terran Infantry Armor Level 1  
  50  10:21  Marine x3  
  53  10:31  Medic x3  
  59  10:41  Marine x2  
  59  10:42  Marine  
  62  11:03  Neosteel Frame  
  62  11:09  Supply Depot  
  62  11:10  Medic x3, Supply Depot  
  62  11:11  Supply Depot  
  62  11:12  Supply Depot  
  62  11:15  Supply Depot  
  68  11:20  Marine x3  
  68  11:25  Factory  
  55  12:52  Structure Armor  
  40  14:46  Starport  
  40  14:57  Armory  
  40  15:09  Missile Turret  
  40  15:33  Marine x3, Missile Turret  
  40  15:37  Starport  
  43  15:43  Marine x2  
  43  15:44  Marine  
  45  15:53  Marine  
  45  15:54  Marine x2  
  45  15:59  Refinery  
  48  16:04  Marine x3  
  50  16:14  Medic x3  
  56  16:23  Bunker  
  56  16:24  Medic  
  58  16:30  Starport  
  58  16:36  Starport Tech Lab  
  58  16:37  Starport Tech Lab  
  58  16:48  Advanced Optics  
  58  16:56  Bunker  
  58  17:30  Bunker  
  58  17:45  Starport Tech Lab  
  58  18:03  Fusion Core  
  58  18:05  Bunker  
  58  18:17  Supply Depot  
  56  18:27  Supply Depot  
  56  18:29  Supply Depot  
  56  18:30  Supply Depot  
  56  18:35  Supply Depot  
  56  18:37  Supply Depot  
  56  18:38  Supply Depot x2  
  56  18:48  Terran Vehicle and Ship Weapons Level 1  
  56  19:56  Battlecruiser  
  56  19:57  Battlecruiser  
  68  20:24  Battlecruiser  
  74  21:14  Battlecruiser  
  80  21:28  Terran Vehicle And Ship Armor Level 1  
  80  21:30  Command Center  
  80  21:40  Command Center  
  80  23:04  Battlecruiser  
  68  24:08  Afterburners  
  61  24:11  Battlecruiser  
  61  24:19  Battlecruiser  
  73  25:34  Battlecruiser  
  78  26:58  Battlecruiser  
  84  27:37  Medic x3  
  84  27:48  Medic x2  
Tags
 
Commander
ArtanisRaynor
Matchup
Co-op
Replay Pack
Multiplayer
Add a new tag
Caveats
  • Supply blocks, unpowered buildings, or Contaminate may cause inaccurate times.
  • Supply counts are checked every 10 seconds.